 Dungeon Crawl Stone Soup version 0.29-a0-323-g050149af67 (webtiles) character file.

Game seed: 11973457737866787644

10 spaghetti the Conjurer (level 2, -2/22 HPs)
             Began as a Naga Conjurer on Apr 11, 2022.
             Slain by a worm (3 damage)
             ... on level 2 of the Dungeon.
             The game lasted 00:00:45 (368 turns).

spaghetti the Conjurer (Naga Conjurer)               Turns: 368, Time: 00:00:45

Health: -2/22      AC:  1    Str:  9    XL:     2   Next: 20%
Magic:  4/5        EV:  9    Int: 18    God:
Gold:   15         SH:  0    Dex:  9    Spells: 5/6 levels left

rFire   . . .      SeeInvis +   (no weapon)
rCold   . . .      Faith    .   (no shield)
rNeg    . . .      Spirit   .   a - +0 robe
rPois   +          Reflect  .   (no helmet)
rElec   .          Harm     .   (no cloak)
rCorr   .          Rampage  .   (no gloves)
Will    .....                   (no barding)
Stlth   ++........              (no amulet)
HPRegen 0.07/turn               (no ring)
MPRegen 0.09/turn               (no ring)

@: short of breath, very slow
A: AC +0, large, see invisible, deformed body, poison resistance, slowness 2,
spit poison 1, naga tail 1
a: Spit Poison


You were on level 2 of the Dungeon.
You visited 1 branch of the dungeon, and saw 2 of its levels.

You collected 15 gold pieces.


Innate Abilities, Weirdness & Mutations

Your serpentine skin is tough. (AC +0)
You have supernaturally acute eyesight. (SInv)
Armour fits poorly on your strangely shaped body.
Your system is resistant to poisons. (rPois)
You cover ground very slowly.
You can spit poison.
You have a snake-like lower body.


   Skills:
 - Level 1.5 Dodging
 - Level 3.0 Stealth
 + Level 2.7 Spellcasting
 - Level 4.0 Conjurations


You had 5 spell levels left.
You knew the following spells:

 Your Spells              Type           Power      Damage    Failure   Level
a - Magic Dart            Conj           64%        1d6       3%          1

Your spell library contained the following spells:

 Spells                   Type           Power      Damage    Failure   Level
 Searing Ray              Conj           32%        2d5       4%          2
 Dazzling Flash           Conj/Hex       18%        N/A       22%         3
 Fulminant Prism          Conj/Hex       4%         3d6       58%         4
 Iskenderun's Mystic Bla  Conj/Tloc      9%         2d4       58%         4

Inventory:

Hand Weapons
 c - a +0 dagger {short}
   (You found it on level 1 of the Dungeon)
 d - a +0 spear {polearm}
   (You found it on level 1 of the Dungeon)
Armour
 a - a +0 robe (worn)

Dungeon Overview and Level Annotations

Branches:
Dungeon (1/15)

Altars:

#....(.##
##........
###.........
...........
.......?..
#.........
...###.K.......
......w@J...#
.#.###.#..###
#. ..... #.
..#### .. ..#
#. .## ## ##


You could see a worm, an endoplasm and a kobold.


Message History

😎 MP[-1]
You lost 1 mp, and now have 4/5 mp.
Aiming: Magic Dart (safe; 3% risk of failure)
Press: ? - help, Q - select action, (/) - cycle Shift-Dir - straight line, f/p - hobgoblin
Aim: a hobgoblin (moderately wounded, 100% to hit)
The magic dart hits the hobgoblin. 😎 MP[-1]
You lost 1 mp, and now have 3/5 mp.
Aiming: Magic Dart (safe; 3% risk of failure)
Press: ? - help, Q - select action, (/) - cycle Shift-Dir - straight line, f/p - hobgoblin
Aim: a hobgoblin (severely wounded, 100% to hit)
You miscast Magic Dart.
You are very lightly contaminated with residual magic.
Nothing appears to happen.
An endoplasm comes into view.
The hobgoblin hits you. 😕 HP[-3] MP[-1]
You take 3 damage, and now have 19/22 hp.
You lost 1 mp, and now have 2/5 mp.
Aiming: Magic Dart (safe; 3% risk of failure)
Press: ? - help, Q - select action, (/) - cycle Shift-Dir - straight line, f/p - hobgoblin
Aim: a hobgoblin (severely wounded, 100% to hit)
The magic dart hits the hobgoblin.
You kill the hobgoblin!
A ball python comes into view.
The kobold hits you with a +0 short sword. 😮 HP[-5] MP[-1]
You take 5 damage, and now have 14/22 hp.
MASSIVE DAMAGE!! (PAUSE)
You lost 1 mp, and now have 1/5 mp.
Aiming: Magic Dart (safe; 3% risk of failure)
Press: ? - help, Q - select action, (/) - cycle Shift-Dir - straight line, f - goblin
Aim: a goblin, wielding a +0 dagger (100% to hit)
The magic dart hits the goblin.
You kill the goblin!
The kobold hits you with a +0 short sword. 😮 HP[-2] MP[-1]
You take 2 damage, and now have 12/22 hp.
You lost 1 mp, and now have 0/5 mp.
Unknown command.
Aiming: Spit Poison (2% risk of failure)
Press: ? - help, Shift-Dir - straight line, f - ball python
Aim: a ball python (54% to hit)
The splash of poison hits the worm.
The kobold hits you with a +0 short sword.
* * * LOW HITPOINT WARNING * * *
😨 HP[-4]
You take 4 damage, and now have 8/22 hp.
Magic courses through your body.
The kobold hits you with a +0 short sword.
* * * LOW HITPOINT WARNING * * *
😨 HP[-2] MP[+5]
You take 2 damage, and now have 6/22 hp.
Your mp is fully restored (5).
Aiming: Magic Dart (safe; 3% risk of failure)
Press: ? - help, Q - select action, (/) - cycle Shift-Dir - straight line, f/p - ball python
Aim: a ball python (100% to hit)
The magic dart hits the worm.
The endoplasm barely misses you.
The kobold hits you with a +0 short sword.
* * * LOW HITPOINT WARNING * * *
😱 HP[-1] MP[-1]
You take 1 damage, and now have 5/22 hp.
You lost 1 mp, and now have 4/5 mp.
Aiming: Magic Dart (safe; 3% risk of failure)
Press: ? - help, Q - select action, (/) - cycle Shift-Dir - straight line, f/p - ball python
Aim: a ball python (100% to hit)
The magic dart hits the worm.
The kobold completely misses you. The endoplasm hits you.
* * * LOW HITPOINT WARNING * * *
Your magical contamination has completely faded away. 😱 HP[-2] MP[-1]
You take 2 damage, and now have 3/22 hp.
You lost 1 mp, and now have 3/5 mp.
You aren't carrying any scrolls.
You aren't carrying any potions.
You aren't carrying any items that you can evoke.
You can't do that yet.
Really attack while wielding nothing?
Okay, then.
Really attack while wielding nothing?
You barely miss the kobold.
You have got your breath back.
The endoplasm closely misses you. The kobold hits you but does no damage.
The worm closely misses you.
You hit the kobold but do no damage.
The ball python bites you but does no damage.
The kobold barely misses you. The endoplasm hits you.
* * * LOW HITPOINT WARNING * * *
😱 HP[-2]
You take 2 damage, and now have 1/22 hp.
Unknown command.
Aiming: Spit Poison (2% risk of failure)
Press: ? - help, Shift-Dir - straight line, f/p - ball python
Aim: a ball python (54% to hit)
The splash of poison hits the ball python!
The ball python is poisoned.
You kill the ball python!
The worm bites you.
You die...

Action                   || total
-------------------------++-------
Melee: Unarmed           ||     2
 Cast: Magic Dart        ||    14
 Abil: Spit Poison       ||     3
  Use: Potion            ||     1
Armor: Robe              ||     2
Dodge: Dodged            ||     6

Levels and vault maps discovered:
D:1:      shiori_arrival_elements, layout_basic
D:2:      layout_loops_ring, dreamdust_ecumenical_altar_drowned_temple,
          uniq_natasha

Notes
Turn   | Place    | Note
-------+----------+-------------------------------------------
     0 | D:1      | spaghetti the Naga Conjurer began the quest for the Orb.
     0 | D:1      | Reached XP level 1. HP: 15/15 MP: 3/3
     0 | D:1      | magus.rc [v1.9.6]
   323 | D:1      | Reached XP level 2. HP: 22/22 MP: 2/5
   356 | D:1      | You fall into a shaft and drop 1 floor!
   364 | D:2      | HP: 5/22 [kobold/+0 short sword (1)]
   367 | D:2      | HP: 1/22 [endoplasm (2)]
   368 | D:2      | Slain by a worm

Vanquished Creatures
  A dart slug (D:1)
  2 ball pythons
  A bat (D:1)
  2 goblins
  A hobgoblin (D:2)
  A frilled lizard (D:1)
8 creatures vanquished.

Table legend:
 A = Non-vault XP
 B = Vault XP
 C = Vault XP percentage of total XP
 D = Non-vault monster count
 E = Vault monster count
 F = Vault count percentage of total count
                 A         B        C        D         E       F
            +---------+---------+-------+---------+---------+-------
      Total |      17 |       0 |   0.0 |       8 |       0 |   0.0
            +---------+---------+-------+---------+---------+-------
        D:1 |      11 |       0 |   0.0 |       5 |       0 |   0.0
        D:2 |       6 |       0 |   0.0 |       3 |       0 |   0.0
            +---------+---------+-------+---------+---------+-------

Illustrated notes

Table legend:
 A = Kills in this place as a percentage of kills in entire the game.
 B = Kills by you in this place as a percentage of kills by you in the entire game.
 C = Kills by friends in this place as a percentage of kills by friends in the entire game.
 D = Other kills in this place as a percentage of other kills in the entire game.
 E = Experience gained in this place as a percentage of experience gained in the entire game.
 F = Experience gained in this place divided by the number of levels of this place that you have seen.
                   A       B       C       D       E      F
               +-------+-------+-------+-------+-------+----------------------
         Total | 100.0 | 100.0 |   N/A |   N/A | 100.0 |   8.5
       Dungeon | 100.0 | 100.0 |   N/A |   N/A | 100.0 |   8.5
               +-------+-------+-------+-------+-------+----------------------

Table legend: (Time is in decaauts)
 A = Elapsed time spent in this place.
 B = Non-inter-level travel time spent in this place.
 C = Inter-level travel time spent in this place.
 D = Time resting spent in this place.
 E = Time spent auto-exploring this place.
 F = Levels seen in this place.
 G = Mean time per level.
                   A        B        C        D        E       F      G
               +--------+--------+--------+--------+--------+-----+--------+
         Total |    414 |    414 |      0 |    182 |    197 |   2 |  207.0 |
       Dungeon |    414 |    414 |      0 |    182 |    197 |   2 |  207.0 |
               +--------+--------+--------+--------+--------+-----+--------+

Top non-repeatable levels by time:
     D:1: 402 daAuts
     D:2: 12 daAuts
